 Dungeon Crawl Stone Soup version 0.21.1-1-g345015f (webtiles) character file.

21 tidbits the Caller (level 2, 3/20 HPs)
             Began as a Gnoll Summoner on June 9, 2018.
             Quit the game on level 3 of the Dungeon.
             The game lasted 00:03:58 (340 turns).

tidbits the Caller (Gnoll Summoner)                  Turns: 340, Time: 00:03:59

Health: 3/20       AC:  2    Str: 10    XL:     2   Next: 87%
Magic:  1/7        EV: 14    Int: 17    God:
Gold:   44         SH:  0    Dex: 15    Spells: 7/10 levels left

rFire    . . .     SeeInvis .   a - +0 dagger
rCold    . . .     Gourm    .   (no shield)
rNeg     . . .     Faith    .   e - +0 robe
rPois    .         Spirit   .   (no helmet)
rElec    .         Reflect  .   (no cloak)
rCorr    .         Harm     .   (no gloves)
MR       .....                  (no boots)
Stlth    +++.......             (no amulet)
HPRegen  0.06/turn              (no ring)
MPRegen  0.10/turn              (no ring)

@: no status effects
A: distributed training, fangs 1, strong nose
a: no special abilities


You were on level 3 of the Dungeon.
You were not hungry.

You visited 1 branch of the dungeon, and saw 3 of its levels.

You collected 44 gold pieces.

Inventory:

Hand Weapons
 a - a +0 dagger (weapon)
Missiles
 f - a stone (quivered)
 l - 3 tomahawks
Armour
 e - a +0 robe (worn)
Scrolls
 d - a scroll of fear {unknown}
 h - a scroll of identify {unknown}
 i - a scroll of teleportation {unknown}
Potions
 g - a potion of cancellation {unknown}
 j - a potion of heal wounds {unknown}
 k - 2 potions of magic {unknown}
Books
 b - a book of Callings

   Spells                             Type                      Level
   a - Summon Small Mammal            Summoning                    1
   b - Call Imp                       Summoning                    2
   c - Call Canine Familiar           Summoning                    3
   d - Summon Guardian Golem          Hexes/Summoning              3
   e - Summon Lightning Spire         Summoning/Air                4
   f - Summon Ice Beast               Ice/Summoning                4
Comestibles
 c - 3 rations


   Skills:
 + Level 0.5 Fighting
 + Level 0.5 Short Blades
 + Level 0.5 Long Blades
 + Level 0.5 Axes
 + Level 0.5 Maces & Flails
 + Level 0.5 Polearms
 + Level 0.5 Staves
 + Level 0.5 Slings
 + Level 0.5 Bows
 + Level 0.5 Crossbows
 + Level 0.5 Throwing
 + Level 0.5 Armour
 + Level 4.5 Dodging
 + Level 4.1 Stealth
 + Level 0.5 Shields
 + Level 0.5 Unarmed Combat
 + Level 4.9 Spellcasting
 + Level 0.3 Conjurations
 + Level 0.3 Hexes
 + Level 0.3 Charms
 + Level 7.0 Summonings
 + Level 0.3 Necromancy
 + Level 0.3 Translocations
 + Level 0.3 Transmutations
 + Level 0.3 Fire Magic
 + Level 0.3 Ice Magic
 + Level 0.3 Air Magic
 + Level 0.3 Earth Magic
 + Level 0.3 Poison Magic
 + Level 0.6 Invocations
 + Level 0.5 Evocations


You had 7 spell levels left.
You knew the following spells:

 Your Spells              Type           Power        Failure   Level  Hunger
a - Summon Small Mammal   Summ           ####         1%          1    None
i - Call Imp              Summ           ####....     1%          2    #......


Dungeon Overview and Level Annotations

Branches:
Dungeon (3/15)

Altars:

Annotations:
D:3 Terence


Innate Abilities, Weirdness & Mutations

Your experience applies equally to all skills.
You have very sharp teeth.
Your uncanny sense of smell can sniff out nearby items.


Message History

Your quokka barely misses the hobgoblin.
Your shadow imp hits the hobgoblin.
The hobgoblin dies!
An orc comes into view.
It is wielding a trident. 2 orcs come into view.
The orc throws a tomahawk.
The tomahawk closely misses you. What are your orders? t - Bark!
Orders for allies: a - Attack new target. r - Retreat! s - Stop attacking. g - Guard the area. f - Follow me.
Anything else - Cancel.
Gang up on whom?
Press: ? - help, Dir - move target cursor, f - orc
Aim: an orc, wielding a flail and wearing a ring mail Attack!
The orc throws a tomahawk.
The tomahawk misses you.
The tomahawk closely misses your quokka.
The orc throws a tomahawk.
The tomahawk completely misses your quokka.
The tomahawk misses you.
Found 12 gold pieces.
You see here 2 tomahawks.
l - 2 tomahawks The orc closely misses your quokka.
Your quokka bites the orc but does no damage.
An orc comes into view.
The orc shouts!
The orc moves out of view.
Terence hits your quokka with a short sword.
The orc completely misses your quokka.
Your quokka closely misses the orc.
Your quokka bites the orc but does no damage.
An orc wizard comes into view. It is wielding a dagger.
You see here a tomahawk.
l - 3 tomahawks (gained 1) Terence shouts, "ATTACK!!!"
Terence hits your quokka with a short sword.
Your quokka dies!
Your quokka's corpse disappears in a puff of smoke!
The orc wizard moves out of view.
Your shadow imp closely misses the orc.
Your quokka bites the orc.
The orc hits your quokka with a flail.
Your quokka dies!
Your quokka's corpse disappears in a puff of smoke!
Casting: Call Imp
Confirm with . or Enter, or press ? or * to list all spells.
A beastly little devil appears in a puff of frigid air.
The orc barely misses your shadow imp.
The orc hits your shadow imp with a trident.
What are your orders? t - Bark!
Orders for allies: a - Attack new target. p - Attack previous target. r - Retreat! s - Stop attacking. g - Guard the area. f - Follow me.
Anything else - Cancel.
Gang up on whom?
Press: ? - help, Dir - move target cursor, f/p - orc
Aim: an orc, wielding a flail and wearing a ring mail (lightly wounded)
Okay, then.
Casting: Call Imp
Confirm with . or Enter, or press ? or * to list all spells.
Your shadow imp hits the orc but does no damage.
Your white imp gestures at the orc.
The puff of frost hits the orc.
The orc hits your white imp from afar with a trident!
Your shadow imp completely misses the orc.
The orc barely misses your shadow imp.
Casting: Summon Small Mammal
Confirm with . or Enter, or press ? or * to list all spells.
The orc hits your white imp with a trident.
Your white imp dies!
Your shadow imp hits the orc.
Your rat bites Terence but does no damage.
The orc hits your rat but does no damage.
Your shadow imp hits the orc but does no damage.
Terence hits you with a short sword.
* * * LOW HITPOINT WARNING * * *
Unknown command.
You hit Terence but do no damage. Your bite misses Terence.
Your shadow imp barely misses the orc.
The orc barely misses your rat. Terence barely misses you.
Your rat bites the orc but does no damage.
You hit Terence.
Terence is lightly wounded.
Your shadow imp disappears in a puff of smoke!
The orc barely misses your rat. The orc hits your rat with a trident.
Your rat dies!
Your rat's corpse disappears in a puff of smoke!
Terence barely misses you.
The orc shouts!
You hit Terence but do no damage.
Terence is lightly wounded.
Your rat closely misses the orc.
The orc closely misses your rat. Terence misses you.
You hit Terence but do no damage.
Terence is lightly wounded.
Your rat bites the orc.
The orc dies!
The orc wizard looks encouraged for a moment.
Terence hits you with a short sword!
* * * LOW HITPOINT WARNING * * *
Are you sure you want to abandon this character and quit the game? (Confirm with "yes".)

$.........#
..........#
..§......#
.o......# .
#oor...# ...
+.§)...#
....#####..o...###
...........@.....#
$..........@.....#
........†........#
......)...<......#
..........####...#
..........# #...#
..........# #.###
####......# #.#
#......# #.#
#......# #.#


You could see Terence, an orc wizard, 3 orcs and a friendly rat.

Vanquished Creatures
  A bat (D:2)
  2 giant cockroaches
  2 kobolds (D:1)
  A rat (D:2)
6 creatures vanquished.

Vanquished Creatures (collateral kills)
  An adder (D:2)
  A worm (D:2)
  A dart slug (D:2)
  An orc (D:3)
  2 giant cockroaches
  A hobgoblin (D:3)
  2 kobolds
  A bat (D:2)
  2 rats (D:1)
12 creatures vanquished.

Grand Total: 18 creatures vanquished

Notes
Turn   | Place    | Note
-------+----------+-------------------------------------------
     0 | D:1      | tidbits the Gnoll Summoner began the quest for the Orb.
     0 | D:1      | Reached XP level 1. HP: 13/13 MP: 6/6
   152 | D:2      | Reached XP level 2. HP: 14/20 MP: 3/7
   156 | D:2      | Learned a level 2 spell: Call Imp
   309 | D:3      | Noticed Terence
   340 | D:3      | Quit the game

Action                   || total
-------------------------++-------
Melee: Dagger            ||    20
Throw: Stone             ||     2
 Cast: Summon Small Mamm ||    16
       Call Imp          ||     2
 Stab: Sleeping          ||     2
Armor: Robe              ||     7
Dodge: Dodged            ||    22

Table legend:
 A = Turns spent in this place as a percentage of turns spent in the entire game.
 B = Non-inter-level travel turns spent in this place as a percentage of non-inter-level travel turns spent in the entire game.
 C = Inter-level travel turns spent in this place as a percentage of turns spent in this place.
 D = Turns resting spent in this place as a percentage of non-inter-level travel turns spent in this place.
 E = Turns spent auto-exploring this place as a percentage of non-inter-level travel turns spent in this place.
 F = Non-inter-level travel turns spent in this place divided by the number of levels of this place that you've seen.
                   A       B       C       D       E      F
               +-------+-------+-------+-------+-------+----------------------
         Total | 100.0 | 100.0 |   0.0 |   0.0 |   0.0 | 113.3
       Dungeon | 100.0 | 100.0 |   0.0 |   0.0 |   0.0 | 113.3
               +-------+-------+-------+-------+-------+----------------------

Table legend:
 A = Kills in this place as a percentage of kills in entire the game.
 B = Kills by you in this place as a percentage of kills by you in the entire game.
 C = Kills by friends in this place as a percentage of kills by friends in the entire game.
 D = Other kills in this place as a percentage of other kills in the entire game.
 E = Experience gained in this place as a percentage of experience gained in the entire game.
 F = Experience gained in this place divided by the number of levels of this place that you have seen.
                   A       B       C       D       E      F
               +-------+-------+-------+-------+-------+----------------------
         Total | 100.0 | 100.0 | 100.0 |   N/A | 100.0 |  10.3
       Dungeon | 100.0 | 100.0 | 100.0 |   N/A | 100.0 |  10.3
               +-------+-------+-------+-------+-------+----------------------

Vault maps used:
D:1:      eino_arrival_tree_alley, kennysheep_flooded_box
D:2:      first_ration, kennysheep_cross_bottleneck
D:3:      kennysheep_okawaru_gauntlet, uniq_terence
